 Dungeon Crawl Stone Soup version 0.29-a0-322-g68df515428 (webtiles) character file.

Game seed: 7362828892608005423

2 GigaChad the Stinger (level 1, -1/10 HPs)
             Began as a Deep Elf Venom Mage on Apr 5, 2022.
             Slain by a hobgoblin (4 damage)
             ... on level 1 of the Dungeon.
             The game lasted 00:01:04 (138 turns).

GigaChad the Stinger (Deep Elf Venom Mage)           Turns: 138, Time: 00:01:05

Health: -1/10      AC:  2    Str:  5    XL:     1   Next: 25%
Magic:  4/6        EV: 12    Int: 19    God:
Gold:   22         SH:  0    Dex: 15    Spells: 5/6 levels left

rFire   . . .      SeeInvis .   (no weapon)
rCold   . . .      Faith    +   (no shield)
rNeg    . . .      Spirit   .   a - +0 robe
rPois   .          Reflect  .   (no helmet)
rElec   .          Harm     .   (no cloak)
rCorr   .          Rampage  .   (no gloves)
Will    .....                   (no boots)
Stlth   ++........              g - amulet of faith
HPRegen 0.03/turn               i - ring of wizardry
MPRegen 0.10/turn               (no ring)

@: no status effects
A: no striking features
a: no special abilities


You were on level 1 of the Dungeon.
You visited 1 branch of the dungeon, and saw 1 of its levels.

You collected 22 gold pieces.

Inventory:

Missiles
 e - 6 javelins
Armour
 a - a +0 robe (worn)
Jewellery
 g - an amulet of faith (around neck)
 i - a ring of wizardry (left hand)
Scrolls
 c - a scroll of identify {unknown}
Potions
 b - a potion of magic
 d - a potion of flight {unknown}
 f - a potion of haste {unknown}
 h - a potion of ambrosia {unknown}


   Skills:
 + Level 2.4 Dodging
 + Level 2.5 Stealth
 + Level 3.1 Spellcasting
 + Level 1.1 Transmutations
 + Level 3.2 Poison Magic


You had 5 spell levels left.
You knew the following spells:

 Your Spells              Type           Power      Damage    Failure   Level
a - Sting                 Tmut/Pois      44%        1d5       2%          1

Your spell library contained the following spells:

 Spells                   Type           Power      Damage    Failure   Level
 Poisonous Vapours        Pois/Air       18%        N/A       4%          2
 Mephitic Cloud           Conj/Pois/Air  7%         N/A       12%         3
 Olgreb's Toxic Radiance  Pois           15%        N/A       16%         4
 Summon Forest            Summ/Tloc      1%         N/A       82%         5
 Eringya's Noxious Bog    Tmut/Pois      5%         N/A       97%         6
 Summon Hydra             Summ           1%         N/A       100%        7


Dungeon Overview and Level Annotations

Branches:
Dungeon (1/15)

Altars:


Message History

You feel a strange surge of divine interest.
g - an amulet of faith (around neck)
A giant cockroach comes into view.
A ball python comes into view.
The sting hits the giant cockroach.
The giant cockroach is poisoned.
The giant cockroach is moderately wounded.
The sting misses the giant cockroach.
You kill the giant cockroach!
The sting hits the ball python.
The ball python is poisoned.
The ball python is moderately wounded.
The sting hits the ball python.
The ball python looks even sicker.
You kill the ball python!
You see here a ball python corpse.
Found a white potion.
Found a tubular ruby ring.
Found a stone staircase leading down.
h - a white potion
Found 11 gold pieces.
i - a ring of wizardry
There are no items here.
i - a ring of wizardry (left hand)
Found a Fen Folio.
You now have 22 gold pieces (gained 11).
Found 10 gold pieces.
Found a leather armour.
You pick up a Fen Folio and begin reading...
You add the spells Summon Forest, Eringya's Noxious Bog and Summon Hydra to your library.
A hobgoblin comes into view.
A hobgoblin comes into view.
The hobgoblin hits you.
The sting hits the hobgoblin but does no damage.
The hobgoblin is poisoned.
The hobgoblin hits you.
The sting hits the hobgoblin but does no damage.
The hobgoblin looks even sicker.
The hobgoblin is moderately wounded.
The hobgoblin hits you.
* * * LOW HITPOINT WARNING * * *
You are too injured to fight recklessly!
The hobgoblin attacks as you move away! The hobgoblin hits you.
You die...

######## .......# .#####.#
.# #.# #### .# #.# ... .#
#.#############.######
.#####.#........@g...[.....
............########$#####.
###.#.........# g#
.†..###.>...#.# .# ##..#
##...##.# .# #..# ##.## #
.# #..# #.# .# #..# #.# .#
#..# #.#


You could see a hobgoblin (very poisoned).

Vanquished Creatures
  A giant cockroach (D:1)
  A ball python (D:1)
2 creatures vanquished.

Notes
Turn   | Place    | Note
-------+----------+-------------------------------------------
     0 | D:1      | GigaChad the Deep Elf Venom Mage began the quest for the
                  | Orb.
     0 | D:1      | Reached XP level 1. HP: 10/10 MP: 6/6
   138 | D:1      | Slain by a hobgoblin

Illustrated notes

Levels and vault maps discovered:
D:1:      dpeg_arrival_short_road, layout_loops_ring, st_stairs_12

Action                   || total
-------------------------++-------
 Cast: Sting             ||     6

Table legend: (Time is in decaauts)
 A = Elapsed time spent in this place.
 B = Non-inter-level travel time spent in this place.
 C = Inter-level travel time spent in this place.
 D = Time resting spent in this place.
 E = Time spent auto-exploring this place.
 F = Levels seen in this place.
 G = Mean time per level.
                   A        B        C        D        E       F      G
               +--------+--------+--------+--------+--------+-----+--------+
         Total |    137 |    137 |      0 |      0 |      0 |   1 |  137.0 |
       Dungeon |    137 |    137 |      0 |      0 |      0 |   1 |  137.0 |
               +--------+--------+--------+--------+--------+-----+--------+

Top non-repeatable levels by time:
     D:1: 137 daAuts
